[Event "GER-chT Youth Countries 2018"]
[Site "Wurzburg"]
[Date "2018.10.03"]
[Round "1"]
[White "Mundt, Alexandra"]
[Black "Weidenhoefer, Max"]
[Result "0-1"]
[ECO "A06"]
[WhiteElo "1679"]
[BlackElo "1596"]
[Annotator "NA"]
[PlyCount "96"]
[EventDate "2018.10.03"]
[EventType "team-tourn"]
[EventCountry "GER"]
[SourceTitle "playchess.com"]
[Source "ChessBase"]
[SourceQuality "1"]
[TimeControl "40/5400+30:1800+30"]

1. Nf3 d5 2. d4 e6 3. c4 c6 4. Nc3 f5 5. b3 Nf6 6. Bb2 Bd6 7. e3 O-O 8. g3 Ne4 9. a3 Bd7 10. Bg2 Be8 11. O-O Bh5 12. Qc2 Nd7 13. c5 Bc7 14. b4 Qf6 15. a4 a6 16. Rab1 g5 17. Ba1 Bxf3 18. Bxf3 g4 19. Bg2 h5 20. b5 Rf7 21. bxc6 bxc6 22. Rb7 Nb8 23. Rfb1 Qd8 24. Ne2 Rh7 25. Nf4 Ng5 26. Qe2 Kf8 27. f3 Ke8 28. Bc3 Nd7 29. Nd3 Nf6 30. Ne5 Bxe5 31. dxe5 Nd7 32. f4 Nxc5 33. Rxh7 Nxh7 34. Bd4 Nd7 35. h3 c5 36. Bc3 c4 37. hxg4 hxg4 38. e4 Nc5 39. exf5 exf5 40. Qc2 Ne4 41. Bxe4 dxe4 42. Rb7 Nf8 43. a5 Qd3 44. Qxd3 cxd3 45. Kf2 Rc8 46. Bd2 Rc2 47. Ke3 Ne6 48. Bb4 Re2# {Kd4} 0-1

[Event "GER-chT Youth Countries 2018"]
[Site "Wurzburg"]
[Date "2018.10.03"]
[Round "1"]
[White "Grunert, Wilhelm"]
[Black "Oberhofer, Marie"]
[Result "0-1"]
[ECO "B77"]
[WhiteElo "1659"]
[BlackElo "1724"]
[Annotator "NA"]
[PlyCount "85"]
[EventDate "2018.10.03"]
[EventType "team-tourn"]
[EventCountry "GER"]
[SourceTitle "playchess.com"]
[Source "ChessBase"]
[SourceQuality "1"]
[TimeControl "40/5400+30:1800+30"]

1. e4 c5 2. Nf3 d6 3. d4 cxd4 4. Nxd4 Nf6 5. Nc3 g6 6. Be3 Bg7 7. Bc4 O-O 8. f3 Nc6 9. Qd2 Bd7 10. g4 Ne5 11. Bb3 b5 12. O-O-O Nc4 13. Bxc4 bxc4 14. h4 h5 15. gxh5 Nxh5 16. Bh6 Rb8 17. Bxg7 Kxg7 18. Nf5+ Bxf5 19. exf5 Qb6 20. Qd4+ Qxd4 21. Rxd4 Ng3 22. f6+ exf6 23. Rg1 Nf5 24. Rd5 Nxh4 25. Rxd6 Rbd8 26. Ra6 Rd7 27. Nb5 Nxf3 28. Rf1 Re8 29. Rxa7 Rxa7 30. Nxa7 Ne5 31. Nb5 Rd8 32. Rf4 f5 33. Na3 Rc8 34. Nb5 Kf6 35. Nd6 Rc6 36. Ne4+ Kg7 37. Nf2 Ra6 38. a3 c3 39. a4 cxb2+ 40. Kxb2 Rc6 41. Kb3 Kf6 42. Ne4+ Ke6 43. Ng3 0-1

[Event "GER-chT Youth Countries 2018"]
[Site "Wurzburg"]
[Date "2018.10.03"]
[Round "1"]
[White "Grining, Maria"]
[Black "Haenselmann, Hendrik"]
[Result "1/2-1/2"]
[ECO "E21"]
[WhiteElo "1572"]
[BlackElo "1660"]
[Annotator "NA"]
[PlyCount "60"]
[EventDate "2018.10.03"]
[EventType "team-tourn"]
[EventCountry "GER"]
[SourceTitle "playchess.com"]
[Source "ChessBase"]
[SourceQuality "1"]
[TimeControl "40/5400+30:1800+30"]

1. d4 Nf6 2. Nf3 e6 3. c4 b6 4. Nc3 Bb4 5. a3 Bxc3+ 6. bxc3 Bb7 7. g3 O-O 8. Bg2 d6 9. O-O Nbd7 10. a4 Re8 11. a5 bxa5 12. Rxa5 c5 13. Ra2 Qc7 14. Nd2 Bxg2 15. Kxg2 Qc6+ 16. f3 Nb6 17. Kf2 Rec8 18. Qb3 cxd4 19. cxd4 Nxc4 20. Nxc4 Qxc4 21. Qxc4 Rxc4 22. Bf4 Rxd4 23. Be3 Rc4 24. Rxa7 Rxa7 25. Bxa7 Rc2 26. Rb1 h6 27. Rb8+ Kh7 28. Rd8 d5 29. Bd4 Kg6 30. g4 Rc4 1/2-1/2

[Event "GER-chT Youth Countries 2018"]
[Site "Wurzburg"]
[Date "2018.10.03"]
[Round "1"]
[White "Werner, Rosalie"]
[Black "Praus, Pia-Rosa"]
[Result "1-0"]
[ECO "B01"]
[WhiteElo "1566"]
[BlackElo "1150"]
[Annotator "NA RC"]
[PlyCount "173"]
[EventDate "2018.10.03"]
[EventType "team-tourn"]
[EventCountry "GER"]
[SourceTitle "playchess.com"]
[Source "ChessBase"]
[SourceQuality "1"]
[TimeControl "40/5400+30:1800+30"]

1. e4 d5 2. exd5 Qxd5 3. d4 Nf6 4. Nf3 Bf5 5. Be2 e6 6. Be3 Nc6 7. O-O Be7 8. c4 Qd8 9. Nc3 O-O 10. Qd2 Bb4 11. Rad1 Ne4 12. Qc1 Bxc3 13. bxc3 Qf6 14. Nd2 Nxd2 15. Bxd2 e5 16. d5 Ne7 17. Rfe1 h6 18. Bf1 Ng6 19. Be3 a6 20. Qb2 b6 21. c5 Rfb8 22. cxb6 cxb6 23. d6 Qd8 24. Qb3 Be6 25. Bc4 Bxc4 26. Qxc4 Rc8 27. Qb3 Rcb8 28. Re2 b5 29. Red2 Qd7 30. Qd5 Rd8 31. Bb6 Rdc8 32. Bc7 Ra7 33. Qc5 Raa8 34. Qb6 Nf8 35. Qe3 Ne6 36. Qxe5 Ra7 37. Bb6 Rb7 38. Be3 Rc6 39. Qe4 Rxc3 40. Qb4 Rc4 41. Qb3 Rc6 42. Qa3 b4 43. Qb2 Rb8 44. Rd3 Rd8 45. Qxb4 Qc8 46. d7 Qc7 47. Qe7 Nf8 48. Bf4 Qb6 49. Rb3 Re6 50. Qxf8+ Kxf8 51. Rxb6 Rxb6 52. Bc7 Rbb8 53. Bxb8 Ke7 54. Be5 f6 55. Bc7 Rxd7 56. Rxd7+ Kxd7 57. Bf4 Ke6 58. f3 Kd5 59. Kf2 Kc4 60. a3 Kd4 61. Ke2 f5 62. Bd6 g6 63. Bf8 h5 64. Bg7+ Kd5 65. Ke3 a5 66. Kf4 Ke6 67. Kg5 Kf7 68. Bc3 a4 69. h4 f4 70. Kxf4 Ke6 71. Kg5 Kf7 72. f4 Kg8 73. Kxg6 Kf8 74. Kxh5 Kg8 75. f5 Kh7 76. f6 Kh8 77. Kg6 Kg8 78. f7+ Kf8 79. Bg7+ Ke7 80. f8=Q+ Ke6 81. Qf7+ Kd6 82. Kf5 Kc6 83. Qe7 Kb6 84. Bd4+ Ka6 85. Qa7+ Kb5 86. Qc5+ Ka6 87. Qb6# 1-0

[Event "GER-chT Youth Countries 2018"]
[Site "Wurzburg"]
[Date "2018.10.03"]
[Round "1"]
[White "Tovmasyan, Minas"]
[Black "Reitz, Theresa"]
[Result "0-1"]
[ECO "D90"]
[WhiteElo "1554"]
[BlackElo "1788"]
[Annotator "NA"]
[PlyCount "90"]
[EventDate "2018.10.03"]
[EventType "team-tourn"]
[EventCountry "GER"]
[SourceTitle "playchess.com"]
[Source "ChessBase"]
[SourceQuality "1"]
[TimeControl "40/5400+30:1800+30"]

1. d4 Nf6 2. c4 g6 3. Nc3 d5 4. Nf3 Bg7 5. g3 O-O 6. Bg2 c6 7. cxd5 Nxd5 8. O-O Nd7 9. e3 N7f6 10. Ne5 Nxc3 11. bxc3 Be6 12. Qa4 Nd5 13. Qc2 Qa5 14. Bd2 Qc7 15. Nd3 Nb6 16. Nc5 Bc4 17. Rfb1 Rab8 18. a4 Nd7 19. Nxd7 Qxd7 20. Rb4 Be6 21. Rab1 Rfc8 22. c4 Bg4 23. Bc3 b6 24. a5 b5 25. c5 Qc7 26. R4b2 e5 27. h3 exd4 28. exd4 Bf5 29. Be4 Bxh3 30. Re1 Rd8 31. Qd1 Qd7 32. Rd2 Be6 33. Qf3 Rbc8 34. Red1 Qb7 35. Bb4 f5 36. Bc2 Bd5 37. Qa3 Re8 38. Bb3 Qf7 39. Bxd5 Qxd5 40. Qd3 Re4 41. Qf3 Rce8 42. Kg2 Qc4 43. Qc3 Qe6 44. Qb2 Qd5 45. Bc3 Bh6 0-1

[Event "GER-chT Youth Countries 2018"]
[Site "Wurzburg"]
[Date "2018.10.03"]
[Round "1"]
[White "Schulz, Hannah"]
[Black "Fischer, Darja"]
[Result "1-0"]
[ECO "B13"]
[WhiteElo "1527"]
[BlackElo "1456"]
[Annotator "NA RC"]
[PlyCount "165"]
[EventDate "2018.10.03"]
[EventType "team-tourn"]
[EventCountry "GER"]
[SourceTitle "playchess.com"]
[Source "ChessBase"]
[SourceQuality "1"]
[TimeControl "40/5400+30:1800+30"]

1. e4 c6 2. d4 d5 3. exd5 cxd5 4. Nf3 Nc6 5. Be2 Bf5 6. c3 e6 7. Bf4 Nf6 8. Nbd2 g6 9. O-O Bg7 10. Re1 O-O 11. Nf1 Ne4 12. Ng3 Re8 13. Nxe4 Bxe4 14. Qd2 Rc8 15. Bh6 Qd7 16. Bxg7 Kxg7 17. Bb5 f6 18. Qe3 a6 19. Ba4 b5 20. Bd1 e5 21. dxe5 fxe5 22. Be2 Bf5 23. Rad1 Rcd8 24. Nh4 Qf7 25. Nxf5+ Qxf5 26. Qb6 Nb8 27. Bf3 Qe6 28. Qxe6 Rxe6 29. Rxd5 Rxd5 30. Bxd5 Rd6 31. Bb3 Kf6 32. Rd1 Rb6 33. h3 h6 34. Rd8 g5 35. Rf8+ Kg6 36. Re8 Kf6 37. Kh2 Nd7 38. Rh8 Kg7 39. Re8 Kf6 40. Bc2 Nb8 41. Rh8 Kg7 42. Rh7+ Kf8 43. Kg3 Kg8 44. Re7 Kf8 45. Rxe5 Nd7 46. Re3 Rf6 47. Rf3 Ke7 48. Rxf6 Kxf6 49. f3 Ne5 50. Be4 a5 51. Kf2 b4 52. cxb4 axb4 53. b3 Nd7 54. Ke3 Ke5 55. Kd3 Nb6 56. g3 h5 57. Bg6 h4 58. gxh4 gxh4 59. Bh5 Kd5 60. f4 Nd7 61. Bf7+ Kc5 62. Be6 Nf6 63. f5 Ne8 64. Ke4 Nf6+ 65. Kf4 Kd6 66. Kg5 Ke7 67. Kxh4 Kf8 68. Kg5 Kg7 69. h4 Ne4+ 70. Kf4 Nf6 71. Ke5 Ne8 72. h5 Nc7 73. f6+ Kf8 74. h6 Nxe6 75. Kxe6 Kg8 76. h7+ Kxh7 77. Ke7 Kg6 78. f7 Kh7 79. f8=Q Kg6 80. Qf6+ Kh7 81. Qg5 Kh8 82. Kf7 Kh7 83. Qg7# 1-0

[Event "GER-chT Youth Countries 2018"]
[Site "Wurzburg"]
[Date "2018.10.03"]
[Round "1"]
[White "Bress, Amy Charlize"]
[Black "Keymer, Cecilia"]
[Result "1/2-1/2"]
[ECO "C99"]
[WhiteElo "1464"]
[BlackElo "1479"]
[Annotator "NA"]
[PlyCount "86"]
[EventDate "2018.10.03"]
[EventType "team-tourn"]
[EventCountry "GER"]
[SourceTitle "playchess.com"]
[Source "ChessBase"]
[SourceQuality "1"]
[TimeControl "40/5400+30:1800+30"]

1. e4 e5 2. Nf3 Nc6 3. Bb5 a6 4. Ba4 Nf6 5. O-O Be7 6. Re1 b5 7. Bb3 O-O 8. c3 d6 9. h3 Na5 10. Bc2 c5 11. d4 Qc7 12. Nbd2 cxd4 13. cxd4 Bb7 14. Nf1 Rac8 15. Bd3 Nc6 16. Bb1 Rfe8 17. Ng3 Bf8 18. Qd2 Qb6 19. d5 Ne7 20. Qd1 Ng6 21. Be3 Qd8 22. Qd2 Nd7 23. b4 Nb6 24. Bxb6 Qxb6 25. Qe3 Qxe3 26. Rxe3 Rc1+ 27. Re1 Rec8 28. Ne2 Rxe1+ 29. Nxe1 Rc4 30. a3 Be7 31. Bd3 Rc8 32. Ra2 Bd8 33. Rc2 Rxc2 34. Nxc2 Bb6 35. Kf1 Kf8 36. Ke1 Ke7 37. Kf1 Kf8 38. Ke1 Nh4 39. Kf1 Ng6 40. Ke1 Ke7 41. Kf1 Kf8 42. Ke1 Ke7 43. Kf1 Kf8 1/2-1/2

[Event "GER-chT Youth Countries 2018"]
[Site "Wurzburg"]
[Date "2018.10.03"]
[Round "1"]
[White "Genova, Magdalina"]
[Black "Muedder, Melanie"]
[Result "0-1"]
[ECO "A25"]
[WhiteElo "1425"]
[BlackElo "1826"]
[Annotator "NA"]
[PlyCount "63"]
[EventDate "2018.10.03"]
[EventType "team-tourn"]
[EventCountry "GER"]
[SourceTitle "playchess.com"]
[Source "ChessBase"]
[SourceQuality "1"]
[TimeControl "40/5400+30:1800+30"]

1. c4 e5 2. Nc3 Nc6 3. g3 Bc5 4. e3 a6 5. Bg2 d6 6. Nge2 Ba7 7. O-O h5 8. d3 h4 9. b3 hxg3 10. fxg3 Nf6 11. Nd5 Bh3 12. Nec3 Bxg2 13. Kxg2 Qd7 14. Nxf6+ $11 gxf6 15. Qe2 Qh3+ 16. Kg1 f5 17. Qg2 Qh5 18. Nd5 O-O-O 19. Rf3 Qh7 20. Kf1 e4 21. dxe4 fxe4 22. Rf4 f5 23. Bb2 Ne5 24. Ke2 Qxh2 25. Qxh2 Rxh2+ 26. Rf2 Rxf2+ 27. Kxf2 Nd3+ 28. Ke2 Nxb2 29. Ne7+ Kd7 30. Nxf5 Rh8 31. Nh4 Rf8 32. Rg1 0-1

[Event "GER-chT Youth Countries 2018"]
[Site "Wurzburg"]
[Date "2018.10.03"]
[Round "1"]
[White "Hubert, Charlotte"]
[Black "Moeller, Lisa-Marie"]
[Result "0-1"]
[ECO "B40"]
[WhiteElo "1376"]
[BlackElo "1868"]
[Annotator "NA"]
[PlyCount "63"]
[EventDate "2018.10.03"]
[EventType "team-tourn"]
[EventCountry "GER"]
[SourceTitle "playchess.com"]
[Source "ChessBase"]
[SourceQuality "1"]
[TimeControl "40/5400+30:1800+30"]

1. e4 c5 2. Nf3 e6 3. c3 d5 4. exd5 Qxd5 5. d4 Nf6 6. Be2 Nc6 7. h3 Be7 8. Be3 cxd4 9. Bxd4 O-O 10. O-O Nxd4 11. Qxd4 b6 12. Qxd5 Nxd5 13. Nd4 Bb7 14. Bf3 Rab8 15. Nd2 Bf6 16. N2b3 Nf4 17. Bxb7 Rxb7 18. Rad1 Rd7 19. Nf3 Rfd8 20. Rxd7 Rxd7 21. Nbd4 Nd3 22. Rb1 a6 23. b3 b5 24. Rd1 Nc5 25. Rd2 Ne4 26. Rc2 h6 27. Ne2 Rd1+ 28. Kh2 Nxf2 29. Neg1 Ne4 30. c4 Be7 31. Ne2 Bd6+ 32. Nf4 0-1

[Event "GER-chT Youth Countries 2018"]
[Site "Wurzburg"]
[Date "2018.10.03"]
[Round "1"]
[White "Zoellner, Bente"]
[Black "Braeutigam, Katerina"]
[Result "1/2-1/2"]
[ECO "E21"]
[WhiteElo "1354"]
[BlackElo "1696"]
[Annotator "NA"]
[PlyCount "153"]
[EventDate "2018.10.03"]
[EventType "team-tourn"]
[EventCountry "GER"]
[SourceTitle "playchess.com"]
[Source "ChessBase"]
[SourceQuality "1"]
[TimeControl "40/5400+30:1800+30"]

1. d4 Nf6 2. c4 e6 3. Nc3 Bb4 4. Nf3 b6 5. Bg5 Bb7 6. e3 h6 7. Bh4 O-O 8. Be2 d5 9. O-O Be7 10. Bxf6 Bxf6 11. cxd5 Bxd5 12. Nxd5 Qxd5 13. Qc2 Rc8 14. Bd3 c6 15. Be4 Qd6 16. Rac1 g6 17. Bd3 Bg7 18. Qa4 f5 19. Rc2 Nd7 20. Rfc1 c5 21. Bb5 Nf6 22. dxc5 bxc5 23. b4 Ne4 24. bxc5 Rxc5 25. Rxc5 Nxc5 26. Qa3 Bf8 27. h3 Qb6 28. Be2 Rb8 29. g3 Ne4 30. Qd3 Rd8 31. Qc4 Nc5 32. Ne5 Kh7 33. h4 Rd5 34. f4 Bg7 35. Bf3 Ne4 36. Bxe4 Qxe3+ 37. Kg2 Rd2+ 38. Kh3 Qxe4 39. Qxe4 fxe4 40. Re1 Bxe5 41. fxe5 Rxa2 42. Rxe4 g5 43. hxg5 hxg5 44. Kg4 Kg6 45. Rc4 a5 46. Kf3 Ra3+ 47. Kf2 Kf5 48. Rc5 Ke4 49. Ke2 Rxg3 50. Rxa5 Re3+ 51. Kf2 Kf4 52. Ra4+ Re4 53. Ra3 Kxe5 54. Ra5+ Kf4 55. Ra3 g4 56. Rd3 e5 57. Rc3 Rb4 58. Rd3 Rb2+ 59. Kf1 g3 60. Rd8 Rf2+ 61. Kg1 Ke3 62. Rg8 Rf3 63. Kg2 e4 64. Ra8 Ke2 65. Ra2+ Ke3 66. Ra8 Kd4 67. Rd8+ Kc5 68. Rc8+ Kd6 69. Rd8+ Ke5 70. Re8+ Kf4 71. Rf8+ Ke3 72. Ra8 Kd3 73. Ra3+ Ke2 74. Ra2+ Kd1 75. Ra1+ Kc2 76. Ra2+ Kb1 77. Re2 1/2-1/2

[Event "GER-chT Youth Countries 2018"]
[Site "Wurzburg"]
[Date "2018.10.03"]
[Round "1"]
[White "Langer, Paul Georg"]
[Black "Roncea, Andrea-Alexandra"]
[Result "1/2-1/2"]
[ECO "C54"]
[WhiteElo "1348"]
[BlackElo "1515"]
[Annotator "NA"]
[PlyCount "104"]
[EventDate "2018.10.03"]
[EventType "team-tourn"]
[EventCountry "GER"]
[SourceTitle "playchess.com"]
[Source "ChessBase"]
[SourceQuality "1"]
[TimeControl "40/5400+30:1800+30"]

1. e4 e5 2. Nf3 Nc6 3. Bc4 Bc5 4. c3 Nf6 5. d4 exd4 6. cxd4 Bb4+ 7. Bd2 Bxd2+ 8. Nbxd2 d5 9. exd5 Nxd5 10. Qb3 Nce7 11. O-O O-O 12. Rfe1 c6 13. Rac1 Nb6 14. Qa3 Nxc4 15. Nxc4 Nd5 16. Nd6 Qb6 17. h3 Bd7 18. Ne5 Be6 19. Nec4 Qxd4 20. Re4 Qf6 21. Nxb7 Qg5 22. Rce1 Nf4 23. Qg3 Nxh3+ 24. gxh3 Qxg3+ 25. fxg3 Bxh3 26. Ncd6 Be6 27. a3 Rab8 28. Ra4 Ra8 29. Ra6 Bd5 30. b4 Rfb8 31. Re7 Kf8 32. Rc7 g6 33. Nc5 Rd8 34. Ndb7 Re8 35. Nd7+ Kg7 36. Nbc5 Re3 37. Raxa7 Rxg3+ 38. Kf2 Rf3+ 39. Ke2 Re8+ 40. Kd2 Rf2+ 41. Kc3 Rf3+ 42. Nd3 h5 43. Kd2 h4 44. N7e5 Rf6 45. Re7 Rh8 46. Ng4 Rf5 47. a4 h3 48. Nh2 Rg5 49. Ne1 Rh4 50. b5 Rb4 51. Kc3 Rb3+ 52. Kc2 Rbg3 1/2-1/2

[Event "GER-chT Youth Countries 2018"]
[Site "Wurzburg"]
[Date "2018.10.03"]
[Round "2"]
[White "Pfreundt, Jakob"]
[Black "Lagunow, Raphael"]
[Result "1-0"]
[ECO "D31"]
[WhiteElo "2388"]
[BlackElo "2403"]
[Annotator "NA"]
[PlyCount "45"]
[EventDate "2018.10.02"]
[EventType "team-tourn"]
[EventCountry "GER"]
[SourceTitle "playchess.com"]
[Source "ChessBase"]
[SourceQuality "1"]
[TimeControl "40/5400+30:1800+30"]

1. d4 d5 2. c4 e6 3. Nc3 c6 4. cxd5 exd5 5. Qc2 Ne7 6. Bg5 f6 7. Bd2 Bf5 8. e4 dxe4 9. Nxe4 Qxd4 10. Bd3 Na6 11. Ne2 Qd7 12. O-O-O Bg6 13. Nf4 Nd5 14. Nxg6 hxg6 15. Nc3 f5 16. Rhe1+ Kf7 17. Bc4 Bb4 18. Nxd5 cxd5 19. Bc3 Qc8 20. Bxd5+ Kf8 21. Be6 Qc6 22. Rd7 Re8 23. Bxg7# 1-0

[Event "GER-chT Youth Countries 2018"]
[Site "Wurzburg"]
[Date "2018.10.03"]
[Round "2"]
[White "Kololli, Martin"]
[Black "Pallas, Sebastian"]
[Result "1-0"]
[ECO "B22"]
[WhiteElo "2331"]
[BlackElo "2278"]
[Annotator "NA"]
[PlyCount "49"]
[EventDate "2018.10.02"]
[EventType "team-tourn"]
[EventCountry "GER"]
[SourceTitle "playchess.com"]
[Source "ChessBase"]
[SourceQuality "1"]
[TimeControl "40/5400+30:1800+30"]

1. e4 c5 2. c3 Nf6 3. e5 Nd5 4. d4 cxd4 5. Nf3 e6 6. cxd4 d6 7. Bc4 Nc6 8. O-O Be7 9. Qe2 O-O 10. Nc3 Nxc3 11. bxc3 dxe5 12. dxe5 Qa5 13. Bd3 Rd8 14. Rb1 Bd7 15. Rxb7 g6 16. Bb5 Rac8 17. Be3 Qxc3 18. Rd1 Be8 19. Bxc6 Bxc6 20. Rxe7 Bb5 21. Qe1 Rxd1 22. Qxd1 Ba4 23. Qe1 Qxe1+ 24. Nxe1 Rd8 25. f3 1-0

[Event "GER-chT Youth Countries 2018"]
[Site "Wurzburg"]
[Date "2018.10.03"]
[Round "2"]
[White "Krastev, Alexander"]
[Black "Yankelevich, Michael"]
[Result "1-0"]
[ECO "B23"]
[WhiteElo "2298"]
[BlackElo "1961"]
[Annotator "NA"]
[PlyCount "95"]
[EventDate "2018.10.02"]
[EventType "team-tourn"]
[EventCountry "GER"]
[SourceTitle "playchess.com"]
[Source "ChessBase"]
[SourceQuality "1"]
[TimeControl "40/5400+30:1800+30"]

1. e4 c5 2. Nc3 e6 3. Nf3 a6 4. g3 Nc6 5. Bg2 Qc7 6. d4 cxd4 7. Nxd4 Nf6 8. O-O Nxd4 9. Qxd4 Bc5 10. Bf4 d6 11. Qd2 Nd7 12. Rad1 Ne5 13. Na4 Nc4 14. Qc3 e5 15. Nxc5 Qxc5 16. Bc1 Be6 17. b3 Nb6 18. Qd3 Rd8 19. c4 O-O 20. Be3 Qc7 21. Qd2 Nc8 22. Qb4 Rd7 23. Rd2 f5 24. exf5 Bxf5 25. c5 Rf6 26. Rfd1 a5 27. Qc4+ Be6 28. Bd5 Bf7 29. Bxf7+ Rfxf7 30. cxd6 Qxc4 31. bxc4 b6 32. Rd5 Rf6 33. c5 bxc5 34. Rxc5 Nxd6 35. Rcd5 Kf7 36. Bc5 Ke7 37. Rxe5+ Re6 38. Red5 a4 39. f4 g6 40. Kf2 Rd8 41. Kf3 h5 42. h3 Rd7 43. g4 hxg4+ 44. hxg4 Rd8 45. Kg3 Rd7 46. Rxd6 Rdxd6 47. Rxd6 Rxd6 48. Kh4 1-0

[Event "GER-chT Youth Countries 2018"]
[Site "Wurzburg"]
[Date "2018.10.03"]
[Round "2"]
[White "Karsay, Pascal"]
[Black "Neukirchner, Pascal"]
[Result "1/2-1/2"]
[ECO "A08"]
[WhiteElo "2261"]
[BlackElo "2294"]
[Annotator "NA"]
[PlyCount "40"]
[EventDate "2018.10.02"]
[EventType "team-tourn"]
[EventCountry "GER"]
[SourceTitle "playchess.com"]
[Source "ChessBase"]
[SourceQuality "1"]
[TimeControl "40/5400+30:1800+30"]

1. Nf3 c5 2. g3 d5 3. Bg2 Nc6 4. d4 Nf6 5. O-O cxd4 6. Nxd4 e5 7. Nxc6 bxc6 8. c4 Be6 9. Nc3 Rc8 10. cxd5 cxd5 11. Qa4+ Qd7 12. Qxd7+ Kxd7 13. Rd1 Bc5 14. Na4 h6 15. Nxc5+ Rxc5 16. Bd2 Bf5 17. Rac1 Rhc8 18. Rxc5 Rxc5 19. Bc3 Ke6 20. e3 Ne4 1/2-1/2

[Event "GER-chT Youth Countries 2018"]
[Site "Wurzburg"]
[Date "2018.10.03"]
[Round "2"]
[White "Degenhard, Simon"]
[Black "Niermann, Tristan"]
[Result "1/2-1/2"]
[ECO "D12"]
[WhiteElo "2235"]
[BlackElo "2315"]
[Annotator "NA"]
[PlyCount "45"]
[EventDate "2018.10.02"]
[EventType "team-tourn"]
[EventCountry "GER"]
[SourceTitle "playchess.com"]
[Source "ChessBase"]
[SourceQuality "1"]
[TimeControl "40/5400+30:1800+30"]

1. d4 d5 2. c4 c6 3. e3 Nf6 4. Nf3 Bf5 5. Nc3 e6 6. Qb3 Qb6 7. c5 Qc7 8. Nh4 Be4 9. Nxe4 Nxe4 10. Qc2 Nd7 11. Bd3 f5 12. Nf3 Be7 13. O-O O-O 14. Nd2 Rf6 15. Nxe4 fxe4 16. Be2 Raf8 17. f3 exf3 18. Rxf3 e5 19. Bd2 Rxf3 20. Bxf3 Bg5 21. e4 Bxd2 22. Qxd2 dxe4 23. Bxe4 1/2-1/2

[Event "GER-chT Youth Countries 2018"]
[Site "Wurzburg"]
[Date "2018.10.03"]
[Round "2"]
[White "Kuznecovs, Nikita"]
[Black "Schmekel, Florian"]
[Result "0-1"]
[ECO "A46"]
[WhiteElo "2226"]
[BlackElo "2106"]
[Annotator "NA"]
[PlyCount "52"]
[EventDate "2018.10.02"]
[EventType "team-tourn"]
[EventCountry "GER"]
[SourceTitle "playchess.com"]
[Source "ChessBase"]
[SourceQuality "1"]
[TimeControl "40/5400+30:1800+30"]

1. d4 Nf6 2. Nf3 e6 3. e3 b6 4. Bd3 Bb7 5. Nbd2 d5 6. O-O Be7 7. b3 Nbd7 8. Bb2 O-O 9. Ne5 Ne4 10. f4 f5 11. Bxe4 dxe4 12. Nxd7 Qxd7 13. g4 c5 14. g5 Ba6 15. Re1 Rad8 16. c4 b5 17. cxb5 Bxb5 18. h4 cxd4 19. Bxd4 Bb4 20. Qc2 e5 21. fxe5 Bd3 22. Qd1 f4 23. Nf1 Bxe1 24. Qxe1 Qg4+ 25. Kh1 Bxf1 26. Qxf1 fxe3 0-1

[Event "GER-chT Youth Countries 2018"]
[Site "Wurzburg"]
[Date "2018.10.03"]
[Round "2"]
[White "Wong, Gengchun"]
[Black "Doll, Alexander"]
[Result "1/2-1/2"]
[ECO "C68"]
[WhiteElo "2194"]
[BlackElo "2153"]
[Annotator "NA"]
[PlyCount "41"]
[EventDate "2018.10.02"]
[EventType "team-tourn"]
[EventCountry "GER"]
[SourceTitle "playchess.com"]
[Source "ChessBase"]
[SourceQuality "1"]
[TimeControl "40/5400+30:1800+30"]

1. e4 e5 2. Nf3 Nc6 3. Bb5 a6 4. Bxc6 dxc6 5. O-O Bg4 6. h3 h5 7. d3 Qf6 8. Nbd2 g5 9. b3 Bd6 10. d4 O-O-O 11. Bb2 exd4 12. hxg4 hxg4 13. Bxd4 Qxd4 14. Nxd4 Bh2+ 15. Kh1 Bf4+ 16. Kg1 Bh2+ 17. Kh1 Be5+ 18. Kg1 Bh2+ 19. Kh1 Bf4+ 20. Kg1 Bh2+ 21. Kh1 1/2-1/2

[Event "GER-chT Youth Countries 2018"]
[Site "Wurzburg"]
[Date "2018.10.03"]
[Round "2"]
[White "Kopylov, Daniel"]
[Black "Hartge, Gedeon"]
[Result "1-0"]
[ECO "B40"]
[WhiteElo "2192"]
[BlackElo "2214"]
[Annotator "NA"]
[PlyCount "49"]
[EventDate "2018.10.02"]
[EventType "team-tourn"]
[EventCountry "GER"]
[SourceTitle "playchess.com"]
[Source "ChessBase"]
[SourceQuality "1"]
[TimeControl "40/5400+30:1800+30"]

1. e4 c5 2. Nf3 e6 3. g3 Nc6 4. Bg2 Nf6 5. d3 d5 6. Nbd2 Be7 7. O-O O-O 8. e5 Nd7 9. Re1 Qc7 10. Qe2 b5 11. Nf1 Bb7 12. c3 b4 13. Bf4 bxc3 14. bxc3 Ba6 15. Ne3 Qa5 16. Rac1 Nb6 17. Nd2 Rac8 18. h4 Na4 19. c4 Nc3 20. Qh5 d4 21. Ng4 Qd8 22. Bg5 Bxg5 23. hxg5 Ne7 24. Rxc3 dxc3 25. Ne4 1-0

[Event "GER-chT Youth Countries 2018"]
[Site "Wurzburg"]
[Date "2018.10.03"]
[Round "2"]
[White "Schneider, Jana"]
[Black "Ewert, Hannes"]
[Result "0-1"]
[ECO "C50"]
[WhiteElo "2190"]
[BlackElo "2314"]
[Annotator "NA"]
[PlyCount "78"]
[EventDate "2018.10.02"]
[EventType "team-tourn"]
[EventCountry "GER"]
[SourceTitle "playchess.com"]
[Source "ChessBase"]
[SourceQuality "1"]
[TimeControl "40/5400+30:1800+30"]

1. e4 e5 2. Nf3 Nc6 3. Bc4 Bc5 4. O-O Nf6 5. d3 O-O 6. a4 d6 7. c3 a5 8. Bg5 h6 9. Bh4 Be6 10. Bxe6 fxe6 11. d4 exd4 12. cxd4 Bb6 13. Nc3 Qe8 14. d5 Nb4 15. Bxf6 Rxf6 16. Rc1 e5 17. Nh4 Qf8 18. Qd2 Rxf2 19. Rxf2 Qxf2+ 20. Qxf2 Bxf2+ 21. Kxf2 Nd3+ 22. Ke3 Nxc1 23. Nf5 Rd8 24. Kd2 Nb3+ 25. Kd3 h5 26. Kc4 Nc5 27. Kb5 Ra8 28. Ne3 Ra6 29. Kc4 Rb6 30. Nb5 Nxe4 31. Nxc7 Rxb2 32. Nb5 Rb4+ 33. Kd3 Rxa4 34. Nf5 Rb4 35. Nbxd6 Nxd6 36. Nxd6 Rd4+ 37. Kc3 Rxd5 38. Nxb7 e4 39. Kc4 e3 0-1

[Event "GER-chT Youth Countries 2018"]
[Site "Wurzburg"]
[Date "2018.10.03"]
[Round "2"]
[White "Browning, Alex"]
[Black "Walter, Kevin"]
[Result "1/2-1/2"]
[ECO "B40"]
[WhiteElo "2148"]
[BlackElo "2196"]
[Annotator "NA"]
[PlyCount "33"]
[EventDate "2018.10.02"]
[EventType "team-tourn"]
[EventCountry "GER"]
[SourceTitle "playchess.com"]
[Source "ChessBase"]
[SourceQuality "1"]
[TimeControl "40/5400+30:1800+30"]

1. e4 c5 2. Nf3 e6 3. c3 Nf6 4. e5 Nd5 5. d4 cxd4 6. cxd4 d6 7. a3 Nc6 8. Bd3 Be7 9. O-O O-O 10. Qc2 g6 11. Qe2 Qb6 12. Qe4 f5 13. exf6 Nxf6 14. Qh4 Nh5 15. Qe4 Nf6 16. Qh4 Nh5 17. Qe4 1/2-1/2

[Event "GER-chT Youth Countries 2018"]
[Site "Wurzburg"]
[Date "2018.10.03"]
[Round "2"]
[White "Koelle, Tobias"]
[Black "Garbuz, Vitaliy"]
[Result "1-0"]
[ECO "D12"]
[WhiteElo "2125"]
[BlackElo "2182"]
[Annotator "NA"]
[PlyCount "83"]
[EventDate "2018.10.02"]
[EventType "team-tourn"]
[EventCountry "GER"]
[SourceTitle "playchess.com"]
[Source "ChessBase"]
[SourceQuality "1"]
[TimeControl "40/5400+30:1800+30"]

1. d4 d5 2. c4 c6 3. Nf3 Nf6 4. e3 Bf5 5. Nc3 a6 6. Bd3 Bg6 7. O-O e6 8. b3 Nbd7 9. Bb2 Bd6 10. Re1 b5 11. e4 b4 12. Nxd5 cxd5 13. e5 Bxd3 14. Qxd3 Bc7 15. exf6 Nxf6 16. Ne5 O-O 17. Rad1 a5 18. Bc1 Ne4 19. Re3 Bxe5 20. dxe5 Nc3 21. Rh3 f5 22. exf6 g6 23. Re1 Qxf6 24. Rf3 Qh4 25. Rxf8+ Rxf8 26. Qe3 dxc4 27. Qxe6+ Kh8 28. Be3 Qe4 29. Qxe4 Nxe4 30. Bd4+ Nf6 31. Re6 Kg7 32. g4 g5 33. f4 h6 34. h4 gxh4 35. g5 hxg5 36. fxg5 c3 37. Rxf6 Rxf6 38. gxf6+ Kg6 39. Kg2 c2 40. Bb2 c1=Q 41. Bxc1 Kxf6 42. Be3 1-0